 Dungeon Crawl Stone Soup version 0.20-a0-958-g783e32d (webtiles) character file.

42 M4edhros the Grave Robber (level 3, -3/23 HPs)
             Began as an Octopode Necromancer on Apr 6, 2017.
             Slain by Sigmund
             ... wielding a +0 scythe
              (13 damage)
             ... on level 3 of the Dungeon.
             The game lasted 00:02:25 (471 turns).

M4edhros the Grave Robber (Octopode Necromancer)     Turns: 471, Time: 00:02:27

Health: -3/23      AC:  1    Str:  7    XL:     3   Next: 54%
Magic:  0/6        EV: 14    Int: 17    God:
Gold:   29         SH:  0    Dex: 13    Spells: 1/6 levels left

rFire    . . .     SeeInvis .   f - +0 mace (venom)
rCold    . . .     Gourm    .   (no shield)
rNeg     . . .     Faith    .   (helmet restricted)
rPois    .         Spirit   +   e - amulet of guardian spirit
rElec    .         Reflect  .   (no ring)
rCorr    .         Harm     .   (no ring)
MR       .....                  (no ring)
Stlth    +++.......             (no ring)
Regen    0.1/turn               (no ring)
MPRegen  0.1/turn               (no ring)
                                (no ring)
                                (no ring)

@: very slightly contaminated
A: almost no armour, stealthy swim, amphibious, 8 rings, constrict 8, camouflage
1, gelatinous body 1
a: no special abilities


You were on level 3 of the Dungeon.
You were not hungry.

You visited 1 branch of the dungeon, and saw 3 of its levels.

You collected 29 gold pieces.

Inventory:

Hand Weapons
 f - a +0 mace of venom (weapon)
Jewellery
 e - an amulet of guardian spirit (around mantle)
 h - a +3 amulet of reflection {unknown}
Potions
 g - a potion of curing {unknown}
Books
 a - a book of Necromancy

   Spells                             Type                      Level
   a - Pain                           Necromancy                   1
   b - Animate Skeleton               Necromancy                   1
   c - Vampiric Draining              Necromancy                   3
   d - Regeneration                   Charms/Necromancy            3
   e - Animate Dead                   Necromancy                   4
   f - Control Undead                 Necromancy                   4
Comestibles
 b - a bread ration
 d - 4 chunks of flesh


   Skills:
 + Level 1.0 Fighting
 + Level 2.6 Dodging
 + Level 3.3 Stealth
 * Level 1.5 Unarmed Combat
 - Level 2.0 Spellcasting
 - Level 4.0 Necromancy


You had one spell level left.
You knew the following spells:

 Your Spells              Type           Power        Failure   Level  Hunger
a - Pain                  Necr           ###.         3%          1    #......
b - Animate Skeleton      Necr           N/A          3%          1    #......
c - Regeneration          Chrm/Necr      #.........   24%         3    ###....


Dungeon Overview and Level Annotations

Branches:
Dungeon (3/15)

Altars:

Annotations:
D:3 Sigmund


Innate Abilities, Weirdness & Mutations

You cannot wear most types of armour.
You are very stealthy in the water. (Stealth+)
You are amphibious.
You can wear up to eight rings at the same time.
You can use your tentacles to constrict eight enemies at once.
Your skin changes colour to match your surroundings (Stealth+).
Your rubbery body absorbs attacks. (AC +1, EV +1)


Message History

You attempt to give life to the dead...
Before your eyes, flesh is ripped from the corpse!
The dead are slithering!
The kobold shouts!
You hear a shout!
Things that are here:
2 chunks of flesh; a club The kobold hits your adder skeleton.
Your adder skeleton closely misses the kobold.
The kobold hits your adder skeleton.
Your adder skeleton misses the kobold.
The kobold hits your adder skeleton.
Your adder skeleton closely misses the kobold.
You swap places.
The kobold misses you.
Sigmund the Dreaded comes into view.
He is wielding a scythe.
You hit the kobold.
The kobold is poisoned.
You grab the kobold.
The kobold is severely wounded.
You constrict the kobold, but do no damage.
You kill the kobold!
Sigmund hits you from afar with a scythe!
Ouch! That really hurt!
You die...

!####
.....
......
......###
........#
#<# #Z#
#@# #†#
<.@ #####


You could see Sigmund and a friendly adder skeleton.

Vanquished Creatures
  2 adders (D:3)
  3 bats (D:1)
  A goblin (D:1)
  2 hobgoblins
  A jackal (D:1)
  3 frilled lizards
  2 kobolds
  3 rats
17 creatures vanquished.

Vanquished Creatures (collateral kills)
  A leopard gecko (D:1)
  A goblin (D:1)
  A hobgoblin (D:1)
  2 jackals (D:1)
  2 kobolds (D:1)
7 creatures vanquished.

Grand Total: 24 creatures vanquished

Notes
Turn   | Place    | Note
-------+----------+-------------------------------------------
     0 | D:1      | M4edhros the Octopode Necromancer began the quest for the Orb.
     0 | D:1      | Reached XP level 1. HP: 11/11 MP: 3/3
    40 | D:1      | Learned a level 1 spell: Animate Skeleton
   122 | D:1      | Reached XP level 2. HP: 5/17 MP: 1/5
   194 | D:1      | Reached skill level 1 in Unarmed Combat
   432 | D:3      | Reached XP level 3. HP: 15/22 MP: 3/6
   437 | D:3      | Learned a level 3 spell: Regeneration
   445 | D:3      | Reached skill level 1 in Fighting
   471 | D:3      | Noticed Sigmund
   471 | D:3      | Slain by Sigmund

Vault maps used:
D:1:      dpeg_arrival_chambers_temple_mockup
D:2:      minmay_door_square
D:3:      grunt_temple_overflow_diamond, first_bread, uniq_terence, uniq_sigmund

Skill      XL: |  1  2  3 |
---------------+----------+-----
Stealth        | 3 |  3.3
Unarmed Combat | 1 |  1.5
Fighting       | 1 |  1.0
Dodging        | |  2.6
Spellcasting   | |  2.0
Necromancy     | |  4.0

Action                   || total
-------------------------++-------
Melee: Unarmed           ||    33
       Constrict         ||     9
       Tentacles         ||     6
       Mace              ||    17
 Cast: Pain              ||     2
       Animate Skeleton  ||    11
  Use: Potion            ||     1
Armor: Skin              ||    13
Dodge: Dodged            ||    28
